 Dungeon Crawl Stone Soup version 0.25-a0-785-gb22c70e859 (webtiles) character file.

Game seed: 457308137868520372, levelgen mode: deterministic

25 Conn the Magician (level 3, -1/31 HPs)
             Began as an Octopode Wizard on Apr 17, 2020.
             Slain by a gnoll
             ... wielding a +0 flail
              (3 damage)
             ... on level 2 of the Dungeon.
             The game lasted 00:04:33 (1197 turns).

Conn the Magician (Octopode Wizard)                 Turns: 1197, Time: 00:04:34

Health: -1/31      AC: 21    Str:  6    XL:     3   Next: 6%
Magic:  1/8        EV:  2    Int: 21    God:
Gold:   23         SH:  0    Dex: 10    Spells: 1/9 levels left

rFire    + . .     SeeInvis .   (no weapon)
rCold    x . .     Gourm    .   (no shield)
rNeg     + + +     Faith    .   (helmet currently unavailable)
rPois    +         Spirit   .   d - amulet of regeneration
rElec    .         Reflect  .   b - ring of fire
rCorr    .         Harm     .   (no ring)
MR       .....     NoTele   +   (no ring)
Stlth    ++........             (no ring)
HPRegen  0.50/turn              (no ring)
MPRegen  0.11/turn              (no ring)
                                (no ring)
                                (no ring)

@: lethally poisoned (-1 -> -1), tree-form, stab
A: almost no armour, stealthy swim, (amphibious), 8 rings, (constrict 8)
a: no special abilities


You were on level 2 of the Dungeon.
You were not hungry.
You were a tree.
You visited 1 branch of the dungeon, and saw 2 of its levels.

You collected 23 gold pieces.

Inventory:

Armour
 a - a +0 hat (melded)
Jewellery
 b - a ring of fire (left branch)
 d - an amulet of regeneration (around neck)
Scrolls
 f - 2 scrolls of remove curse
Comestibles
 c - 3 rations


   Skills:
 + Level 2.1 Dodging
 + Level 2.8 Stealth
 + Level 3.6 Spellcasting
 + Level 1.4 Conjurations
 + Level 1.0 Summonings
 + Level 1.0 Translocations


You had one spell level left.
You knew the following spells:

 Your Spells              Type           Power        Failure   Level  Hunger
a - Magic Dart            Conj           #...         7%          1    None
b - Blink                 Tloc           N/A          12%         2    ##.....
c - Call Imp              Summ           #.......     12%         2    ##.....
d - Conjure Flame         Conj/Fire      ##......     28%         3    ###....

Your spell library contained the following spells:

 Spells                   Type           Power        Failure   Level  Hunger
 Slow                     Hex            #.......     19%         2    ##.....
 Mephitic Cloud           Conj/Pois/Air  #.......     30%         3    ###....


Dungeon Overview and Level Annotations

Branches:
Dungeon (2/15)

Altars:


Innate Abilities, Weirdness & Mutations

You cannot wear most types of armour.
You are very stealthy in the water. (Stealth+)
((You are amphibious.))
You can wear up to eight rings at the same time.
((You can use your tentacles to constrict eight enemies at once.))
((Your skin changes colour to match your surroundings (Stealth+).))
((Your rubbery body absorbs attacks. (AC +1, EV +1)))


Message History

You aren't carrying any potions.
Unknown command.
You smack the gnoll!
The gnoll is severely wounded.
The bat hits you but does no damage. x2; The gnoll hits you with a +0 flail.
* * * LOW HITPOINT WARNING * * *
The adder closely misses your white imp.
Your white imp misses the adder.
The bat hits you but does no damage.
Your crimson imp closely misses the gnoll.
As you read the scroll labeled PUAMIA HUWKYDGHU, it crumbles to dust.
The scroll dissolves into smoke.
It was a scroll of fog.
The bat hits you.
* * * LOW HITPOINT WARNING * * *
The gnoll hits you but does no damage. x2
Your crimson imp closely misses the gnoll.
As you read the scroll labeled ETEIWA RO ILAW, it crumbles to dust.
It is a scroll of identify.
f - 2 scrolls of remove curse You feel sick.
The gnoll hits you but does no damage. The gnoll hits you with a +0 flail.
You die...

####### #.....#
#.....# #.§§..#
#§§...# #####♣§§..#
.#.## #...ggg§..#
....# . #..§b§5§..#
....##..
.............# ....[..
....#?........#
##...#.# ...
##<##.....# #......#
.. ##.##5#######.#.>#
.
#....†S.5S.§...#.###.
#..##.###...#.........


You could see 3 gnolls, a bat and a friendly crimson imp.

Vanquished Creatures
  An ooze (D:1)
  2 giant cockroaches
  2 hobgoblins (D:1)
  3 kobolds (D:1)
  2 bats (D:1)
  2 frilled lizards (D:1)
  2 rats (D:1)
14 creatures vanquished.

Vanquished Creatures (collateral kills)
  An adder (D:2)
  A frilled lizard (D:2)
2 creatures vanquished.

Grand Total: 16 creatures vanquished

Notes
Turn   | Place    | Note
-------+----------+-------------------------------------------
     0 | D:1      | Conn the Octopode Wizard began the quest for the Orb.
     0 | D:1      | Reached XP level 1. HP: 11/11 MP: 4/4
   251 | D:1      | Reached XP level 2. HP: 16/17 MP: 4/6
  1093 | D:2      | Learned a level 2 spell: Blink
  1096 | D:2      | Learned a level 2 spell: Call Imp
  1113 | D:2      | Reached XP level 3. HP: 21/21 MP: 1/8
  1123 | D:2      | Learned a level 3 spell: Conjure Flame
  1197 | D:2      | Slain by a gnoll

Levels and vault maps discovered:
D:1:      dpeg_arrival_three_smaller_balls, layout_basic
D:2:      layout_basic, kennysheep_slug_shrine

Action                   || total
-------------------------++-------
Melee: Unarmed           ||    30
       Constrict         ||     7
       Tentacles         ||     5
 Cast: Magic Dart        ||    36
       Call Imp          ||     4
       Blink             ||     2
  Use: Scroll            ||     2
       Potion            ||     2
  Eat: Chunk             ||     1
Armor: Skin              ||    15
Dodge: Dodged            ||    23

Table legend:
 A = Non-vault XP
 B = Vault XP
 C = Vault XP percentage of total XP
 D = Non-vault monster count
 E = Vault monster count
 F = Vault count percentage of total count
                 A         B        C        D         E       F
            +---------+---------+-------+---------+---------+-------
      Total |      37 |       0 |   0.0 |      16 |       0 |   0.0
            +---------+---------+-------+---------+---------+-------
        D:1 |      25 |       0 |   0.0 |      13 |       0 |   0.0
        D:2 |      12 |       0 |   0.0 |       3 |       0 |   0.0
            +---------+---------+-------+---------+---------+-------
